AoeStats
← heisenberg

Arabia

510299446Analyzed
1v1 RM · 13h ago on Sep 30, 2026· 59m 34s· 2 players
Game mode
Random Map
Map size
Tiny (2 player)
Population
200
Speed
Normal
Resources
Standard
Victory
Conquest
Starting age
Dark Age
Ending age
Imperial Age
RankedLock teamsTeams togetherTeam positionsShared explorationLock speedFull tech treeHidden civsTurbo modeCheats
Victory
Defeat
🇨🇭 Spanish · Switzerland
1026
+14
🇦🇷 Celts · Argentina
977
-14
ElReyGarufa8680
7:29 Loom
11:13 Feudal Age
12:49 Man-at-Arms
17:52 Double-Bit Axe
19:50 Scale Mail Armor
20:01 Forging
24:13 Wheelbarrow
28:35 Castle Age
28:45 Long Swordsman
34:33 Elite Skirmisher
38:37 Bow Saw
38:43 Horse Collar
39:21 Stone Mining
39:22 Gold Mining
40:16 Chain Mail Armor
40:37 Iron Casting
40:04 Padded Archer Armor
39:54 Fletching
40:43 Hand Cart
45:23 Ballistics
47:19 Gold Mining
53:09 Imperial Age
50:09 Pikeman
51:12 Leather Archer Armor
50:53 Bodkin Arrow
53:44 Halberdier
55:40 Ring Archer Armor
56:06 Conscription
heisenberg
8:04 Loom
10:44 Feudal Age
14:27 Horse Collar
23:27 Castle Age
22:47 Stone Mining
28:03 Wheelbarrow
35:59 Husbandry
36:09 Bloodlines
38:04 Herbal Medicine
39:05 Double-Bit Axe
41:46 Gold Mining
43:05 Bow Saw
46:53 Imperial Age
44:41 Hand Cart
45:44 Fletching
46:05 Forging
46:01 Scale Barding Armor
47:58 Conscription
47:00 Elite Conquistador
47:44 Padded Archer Armor
47:39 Bodkin Arrow
48:21 Iron Casting
47:09 Light Cavalry
49:28 Hussar
52:15 Blast Furnace
53:53 Town Watch
55:11 Bracer
55:27 Leather Archer Armor
55:33 Chain Barding Armor
56:09 Supremacy
55:50 Inquisition
56:28 Hoardings
57:38 Ring Archer Armor
59:06 Guilds
59:27 Arson
Connection lost

Rejoining the realm…

Still unreachable

The connection could not be restored.

Session expired

The server has moved on; the page needs a fresh start.